 Dungeon Crawl Stone Soup version 0.29-a0-892-g2c4c91d9db (webtiles) character file.

Game seed: 11641636302132287603

96 Sabo the Digger (level 4, -11/27 HPs)
             Began as an Octopode Earth Elementalist on July 22, 2022.
             Was a Believer of Vehumet.
             Killed by nerve-wracking pain
             ... invoked by Grinder
              (13 damage)
             ... on level 3 of the Dungeon.
             The game lasted 00:17:48 (2983 turns).

Sabo the Digger (Octopode Earth Elementalist)       Turns: 2983, Time: 00:17:52

Health: -11/27     AC:  1    Str:  7    XL:     4   Next: 67%
Magic:  2/8        EV: 13    Int: 19    God:    Vehumet [**....]
Gold:   134        SH:  0    Dex: 12    Spells: 6/9 levels left

rFire   . . .      SeeInvis .   i - staff of cold
rCold   + . .      Faith    .   (no shield)
rNeg    . . .      Spirit   .   (helmet restricted)
rPois   .          Reflect  .   (no amulet)
rElec   .          Harm     .   (no ring)
rCorr   .          Rampage  .   (no ring)
Will    .....                   (no ring)
Stlth   +++.......              (no ring)
HPRegen 0.09/turn               (no ring)
MPRegen 0.11/turn               (no ring)
                                (no ring)
                                (no ring)

@: very slightly contaminated
A: almost no armour, amphibious, 8 rings, camouflage 1, gelatinous body 1,
(nimble swimmer 1), tentacles
a: Renounce Religion


You were on level 3 of the Dungeon.
You worshipped Vehumet.
Vehumet was pleased with you.
You visited 1 branch of the dungeon, and saw 3 of its levels.

You collected 134 gold pieces.

Inventory:

Hand Weapons
 e - a +0 whip
Missiles
 m - a poisoned dart (quivered)
Magical Staves
 i - a staff of cold (weapon)
Scrolls
 b - a scroll of torment {unknown}
 c - a scroll of acquirement {unknown}
 f - a scroll of enchant armour {unknown}
 g - a scroll of teleportation {unknown}
 h - a scroll of identify {unknown}
 j - a scroll of amnesia {unknown}
Potions
 a - a potion of magic
 d - a potion of might {unknown}
 k - 2 potions of invisibility {unknown}
 l - a potion of mutation {unknown}


   Skills:
 + Level 2.2 Dodging
 + Level 3.1 Stealth
 + Level 0.3 Unarmed Combat
 + Level 3.2 Spellcasting
 + Level 1.0 Transmutations
 + Level 4.0 Earth Magic


You had 6 spell levels left.
You knew the following spells:

 Your Spells              Type           Power      Damage    Failure   Level
a - Sandblast             Erth           36%        2d10      2%          1
b - Scorch                Fire           6%         2d5       22%         2

Your spell library contained the following spells:

 Spells                   Type           Power      Damage    Failure   Level
 Passwall                 Tmut/Erth      10%        N/A       8%          2
 Freeze                   Ice            16%        1d4       16%         1
 Shock                    Conj/Air       12%        1d3       16%         1
 Stone Arrow              Conj/Erth      20%        3d8       21%         3
 Static Discharge         Conj/Air       3%         3-4/arc   22%         2
 Frozen Ramparts          Ice            8%         1d2       41%         3
 Gell's Gravitas          Tloc           3%         N/A       41%         3
 Lesser Beckoning         Tloc           3%         N/A       41%         3
 Swiftness                Air            3%         N/A       41%         3
 Teleport Other           Tloc           3%         N/A       41%         3
 Tukima's Dance           Hex            3%         N/A       41%         3
 Petrify                  Tmut/Erth      12%        N/A       45%         4
 Airstrike                Air            1%         0-2+      83%         4
 Hailstorm                Conj/Ice       4%         3d4       83%         4
 Passage of Golubria      Tloc           3%         N/A       83%         4
 Yara's Violent Unravell  Hex/Tmut       2%         3d3       98%         5
 Lightning Bolt           Conj/Air       1%         1d12      99%         5
 Maxwell's Capacitive Co  Air            1%         ∞         100%        8


Dungeon Overview and Level Annotations

Branches:
Dungeon (3/15)

Altars:
Vehumet

Shops:
D:1 (   D:2 =

Annotations:
D:3 Grinder


Innate Abilities, Weirdness & Mutations

You cannot wear most types of armour.
You are amphibious.
You can wear up to eight rings at the same time.
Your skin changes colour to match your surroundings (Stealth+).
Your rubbery body absorbs attacks. (AC +1, EV +1)
((You are camouflaged when in or above water. (Stealth+)))
You have tentacles for arms and can constrict up to eight enemies at once.


Message History

Throw: 2 darts (poison)
Press: ? - help, Q - select action, (/) - cycle Shift-Dir - straight line, f/p - Grinder
Aim: Grinder (52% to hit)
You throw a poisoned dart. The poisoned dart hits Grinder.
A rat comes into view.
Grinder gestures at you.
You suddenly lose the ability to move!
You can move again.
Casting: Sandblast (safe; 2% risk of failure)
Confirm with . or Enter, or press ? or * to list all spells.
Aiming: Sandblast (safe; 2% risk of failure)
Press: ? - help, Shift-Dir - straight line, f/p - Grinder
Aim: Grinder (77% to hit)
The blast of sand misses Grinder.
Grinder hits you.
You writhe in agony.
Grinder gestures at you.
You shrug off the repeated paralysis!
Casting: Sandblast (safe; 2% risk of failure)
Confirm with . or Enter, or press ? or * to list all spells.
Aiming: Sandblast (safe; 2% risk of failure)
Press: ? - help, Shift-Dir - straight line, f/p - Grinder
Aim: Grinder (77% to hit)
The blast of sand hits Grinder!
Grinder is moderately wounded.
Grinder gestures at you. Pain shoots through your body!
* * * LOW HITPOINT WARNING * * *
Grinder blinks!
Casting: Sandblast (safe; 2% risk of failure)
Confirm with . or Enter, or press ? or * to list all spells.
Flames lash Grinder.
Grinder is heavily wounded.
Grinder's fire resistance burns away.
Casting: Scorch (safe; 22% risk of failure)
Confirm with . or Enter, or press ? or * to list all spells.
You miscast Scorch.
You are very lightly contaminated with residual magic.
Nothing appears to happen.
The rat barely misses you. Grinder gestures at you.
Pain shoots through your body!
You die...

#......#
#......####.........#
##........+.........+
#.#...####.........
#.##.## .......
#.#### ..(.. #.# ...
#.# #r# #<# #@#
#.######### #.#
#.........# ##5##
###.#.###.###...##
#.#.# #.##.....#
#.#.###.###...####.#
#.#................#
#.#####.####.#######
#.# #.# #.#


You could see Grinder (combustible) and a rat.

Vanquished Creatures
  4 adders
  2 worms (D:2)
  2 dart slugs
  An orc (D:3)
  3 ball pythons
  7 endoplasms
  A giant cockroach (D:2)
  4 goblins
  4 hobgoblins
  3 quokkas
  4 bats
  2 frilled lizards
  8 kobolds
  4 rats
49 creatures vanquished.

Vanquished Creatures (others)
  9 plants (D:1)
9 creatures vanquished.

Grand Total: 58 creatures vanquished

Notes
Turn   | Place    | Note
-------+----------+-------------------------------------------
     0 | D:1      | Sabo the Octopode Earth Elementalist began the quest for
                  | the Orb.
     0 | D:1      | Reached XP level 1. HP: 11/11 MP: 3/3
   181 | D:1      | Reached XP level 2. HP: 17/17 MP: 3/5
   414 | D:1      | Found a faded altar of an unknown god.
   421 | D:1      | Prayed at the altar of an unknown god.
   421 | D:1      | Became a worshipper of Vehumet
   421 | D:1      | Reached * piety under Vehumet
   421 | D:1      | Offered knowledge of Foxfire by Vehumet.
   883 | D:1      | You fall into a shaft and drop 1 floor!
   893 | D:2      | Found Weth's Jewellery Emporium.
   927 | D:2      | Reached XP level 3. HP: 21/21 MP: 2/6
  1640 | D:1      | Reached XP level 4. HP: 27/27 MP: 6/8
  1659 | D:1      | Found Zousch's Weapon Boutique.
  2123 | D:2      | Reached ** piety under Vehumet
  2123 | D:2      | Offered knowledge of Scorch by Vehumet.
  2517 | D:2      | Learned a level 2 spell: Scorch
  2651 | D:3      | Reached skill level 4 in Earth Magic
  2975 | D:3      | Noticed Grinder
  2977 | D:3      | Paralysed by Grinder for 3 turns
  2983 | D:3      | Killed from afar by Grinder

Illustrated notes

Levels and vault maps discovered:
D:1:      spicycebolla_arrival_xxxplode, layout_loops_ring,
          shapermc_ecumenical_altar_mp_urbaneastern, serial_shops,
          nicolae_lakefront_shop, kennysheep_boxes
D:2:      layout_basic, serial_shops, nicolae_shop_crystal
D:3:      layout_loops_corners, uniq_sigmund, uniq_jessica, uniq_ijyb,
          uniq_grinder

Skill      XL: |  1  2  3  4 |
---------------+-------------+-----
Stealth        | 3 |  3.1
Spellcasting   | 3 |  3.2
Earth Magic    | 4 |  4.0
Dodging        | |  2.2
Unarmed Combat | |  0.3
Transmutations | |  1.0

Action                   |  1- 3 |  4- 6 || total
-------------------------+-------+-------++-------
Melee: Unarmed           |     6 |       ||     6
       Constrict         |     2 |     2 ||     4
       Tentacles         |     2 |     1 ||     3
       Whip              |     1 |       ||     1
       Staff             |       |     5 ||     5
Throw: Dart              |       |     2 ||     2
 Cast: Sandblast         |    42 |    26 ||    68
       Scorch            |       |     1 ||     1
  Use: Scroll            |       |     1 ||     1
Armor: Skin              |     2 |     1 ||     3
Dodge: Dodged            |    15 |    12 ||    27

Table legend: (Time is in decaauts)
 A = Elapsed time spent in this place.
 B = Non-inter-level travel time spent in this place.
 C = Inter-level travel time spent in this place.
 D = Time resting spent in this place.
 E = Time spent auto-exploring this place.
 F = Levels seen in this place.
 G = Mean time per level.
                   A        B        C        D        E       F      G
               +--------+--------+--------+--------+--------+-----+--------+
         Total |   3057 |   3057 |      0 |   1133 |      0 |   3 | 1019.0 |
       Dungeon |   3057 |   3057 |      0 |   1133 |      0 |   3 | 1019.0 |
               +--------+--------+--------+--------+--------+-----+--------+

Top non-repeatable levels by time:
     D:1: 1550 daAuts
     D:2: 1153 daAuts
     D:3: 352 daAuts
